 Dungeon Crawl Stone Soup version 0.17-a0-649-g87edefa (console) character file.

175 hyperkellhus the Insei (level 5, 0/25 HPs)
             Began as a Spriggan Transmuter on Apr 17, 2015.
             Was an Initiate of Okawaru.
             Succumbed to poison (a potion of poison)
             ... on level 4 of the Dungeon.
             The game lasted 00:08:25 (3032 turns).

hyperkellhus the Insei (Spriggan Transmuter)        Turns: 3032, Time: 00:08:25

Health: 0/25       AC:  2    Str:  6    XL:     5   Next: 29%
Magic:  10/10      EV: 18    Int: 20    God:    Okawaru [......]
Gold:   125        SH:  0    Dex: 17    Spells: 1 memorised, 8 levels left

rFire  . . .     SeeInvis +       - Unarmed
rCold  + . .     Clarity  .     c - +0 robe
rNeg   . . .     SustAb   .     (shield restricted)
rPois  .         Gourm    .     (helmet restricted)
rElec  .         Spirit   .     (no cloak)
rCorr  .         Warding  .     (gloves unavailable)
rMut   .         Stasis   .     (boots unavailable)
MR     .....                    (no amulet)
Stlth  ++........               (no ring)
                                p - ring of protection from cold

@: brilliant, lethally poisoned (0 -> -19), very quick, not resistant to hostile
enchantments, unstealthy
A: unfitting armour, see invisible, herbivore 3, speed 3, slow metabolism 2
a: Renounce Religion


You were on level 4 of the Dungeon.
You worshipped Okawaru.
Okawaru was noncommittal.
You were not hungry.

You visited 1 branch of the dungeon, and saw 4 of its levels.

You collected 125 gold pieces.

Inventory:

Hand weapons
 b - a +0 blowgun
 e - a +1 dagger of speed
 m - a +0 hunting sling
 n - a +2 dagger of draining
Missiles
 q - 12 arrows
 r - 6 poisoned needles
Armour
 c - a +0 robe (worn)
Jewellery
 p - a ring of protection from cold (left hand)
Scrolls
 f - a scroll of enchant armour {unknown}
 g - a scroll of identify {unknown}
 h - 2 scrolls of remove curse {unknown}
 i - a scroll of random uselessness {unknown}
 j - a scroll of amnesia {unknown}
 l - a scroll of enchant weapon {unknown}
 s - a scroll of teleportation {unknown}
Books
 d - a book of Changes

   Spells                             Type                      Level
   a - Beastly Appendage              Transmutation                1
   b - Sticks to Snakes               Transmutation                2
   c - Spider Form                    Transmutation/Poison         3
   d - Ice Form                       Ice/Transmutation            4
   e - Blade Hands                    Transmutation                5
Comestibles
 a - 2 bread rations


   Skills:
 - Level 0.7 Fighting
 - Level 3.0 Dodging
 + Level 5.0 Unarmed Combat
 - Level 2.6 Spellcasting
 - Level 2.6 Transmutations


You had 8 spell levels left.
You knew the following spells:

 Your Spells              Type           Power        Failure   Level  Hunger
a - Beastly Appendage     Trmt           ####..       1%          1    None


Dungeon Overview and Level Annotations

Branches:
Dungeon (4/15)
 Temple: D:4-7

Altars:
Cheibriados
Elyvilon
Nemelex Xobeh
Okawaru
Sif Muna
The Shining One

Annotations:
D:2 exclusions: adder and 1 more exclusion
D:4 Robin


Innate Abilities, Weirdness & Mutations

You are tiny and cannot use many weapons and most armour.
You have supernaturally acute eyesight.
You are a herbivore.
You cover ground extremely quickly.
You need consume almost no food.


Message History

You barely miss the goblin. The goblin barely misses you.
Press: ? - help, v - describe, . - travel
Here: a goblin (consumed by blood-lust)
The floor.
You hit the goblin.
You kill the goblin!
Okawaru accepts your kill. Robin throws the goblin at you!
The goblin hits you with a club.
* * * LOW HITPOINT WARNING * * *
Unknown command.
Drink which item? (? for menu, Esc to quit)
It was a potion of poison.
That liquid tasted very nasty...
You are lethally poisoned!
* * * LOW HITPOINT WARNING * * *
You feel sick. The goblin misses you. The goblin barely misses you.
Drink which item? (? for menu, Esc to quit)
It was a potion of brilliance.
You feel clever all of a sudden.
You die...

#.......gg.(..##
.......######..#
.......# ##)##
######## #..#
##g## #..# ##.#
#g# #@# #g# #.#
#.# ..# .?# ..#
####


You could see Robin and 2 goblins.

Vanquished Creatures
  A scorpion (D:4)
  A giant frog skeleton (D:2)
  Terence (D:2)
  An adder (D:2)
  An ooze (D:2)
  An orc (D:2)
  2 giant cockroaches (D:1)
  7 hobgoblins
  6 jackals
  A quokka (D:3)
  A ball python (D:2)
  8 bats
  2 giant geckos
  3 giant newts
  12 goblins
  6 kobolds
  2 rats
56 creatures vanquished.

Notes
Turn   | Place    | Note
--------------------------------------------------------------
     0 | D:1      | hyperkellhus, the Spriggan Transmuter, began the quest for the Orb.
     0 | D:1      | Reached XP level 1. HP: 9/9 MP: 5/5
   309 | D:1      | Reached XP level 2. HP: 14/14 MP: 3/6
   807 | D:2      | Reached XP level 3. HP: 12/17 MP: 6/8
   983 | D:2      | Noticed Terence
  1359 | D:2      | Found a sparkling altar of Nemelex Xobeh.
  1652 | D:2      | Reached skill level 4 in Unarmed Combat
  1652 | D:2      | Reached XP level 4. HP: 19/21 MP: 6/9
  1766 | D:3      | Found an iron altar of Okawaru.
  1775 | D:3      | Became a worshipper of Warmaster Okawaru
  1994 | D:3      | Found a white marble altar of Elyvilon.
  1995 | D:3      | Found a deep blue altar of Sif Muna.
  1995 | D:3      | Found a glowing golden altar of the Shining One.
  1997 | D:3      | Found a snail-covered altar of Cheibriados.
  2288 | D:2      | Found a sparkling altar of Nemelex Xobeh.
  2673 | D:2      | Killed Terence
  2891 | D:4      | Reached skill level 5 in Unarmed Combat
  2891 | D:4      | Reached XP level 5. HP: 25/25 MP: 10/10
  2967 | D:4      | Noticed Robin
  3031 | D:4      | HP: 1/25 [poison (a potion of poison)]
  3032 | D:4      | Succumbed to poison (a potion of poison)

Action                   |  1- 3 |  4- 6 || total
-------------------------+-------+-------++-------
Melee: Unarmed           |   108 |    60 ||   168
 Fire: Blowgun           |       |    16 ||    16
 Cast: Beastly Appendage |    19 |     7 ||    26
  Use: Potion            |       |     2 ||     2
